 Dungeon Crawl Stone Soup version 0.23.2-40-g277498a001 (webtiles) character file.

Game seed: 1328147816288934616

50 DildoBatman the Magician (level 4, 0/30 HPs)
             Began as a Formicid Wizard on Sept 8, 2019.
             Slain by a bat (1 damage)
             ... on level 2 of the Dungeon.
             The game lasted 00:03:23 (1617 turns).

DildoBatman the Magician (Formicid Wizard)          Turns: 1617, Time: 00:03:23

Health: 0/30       AC:  2    Str: 12    XL:     4   Next: 4%
Magic:  4/8        EV: 12    Int: 18    God:
Gold:   113        SH:  0    Dex:  9    Spells: 2/9 levels left

rFire    . . .     SeeInvis +   d - +0 club
rCold    . . .     Gourm    .   (no shield)
rNeg     . . .     Faith    .   a - +0 robe
rPois    .         Spirit   .   (helmet unavailable)
rElec    .         Reflect  .   (no cloak)
rCorr    .         Harm     .   (no gloves)
MR       .....                  (no boots)
Stlth    ++........             (no amulet)
HPRegen  0.10/turn              g - ring of teleportation (curse)
MPRegen  0.11/turn              (no ring)

@: no status effects
A: permanent stasis, dig shafts and tunnels, four strong arms, antennae 3
a: Dig, Shaft Self


You were on level 2 of the Dungeon.
You were not hungry.

You visited 1 branch of the dungeon, and saw 2 of its levels.

You collected 113 gold pieces.

Inventory:

Hand Weapons
 d - a +0 club (weapon)
Missiles
 e - 12 bolts
 f - 57 sling bullets
 i - 48 stones (quivered)
Armour
 a - a +0 robe (worn)
Jewellery
 g - a cursed ring of teleportation (left hand)
Scrolls
 c - a scroll of fog {unknown}
 j - a scroll of magic mapping {unknown}
 k - a scroll of teleportation {unknown}
 p - a scroll of blinking {unknown}
Potions
 h - 3 potions of curing {unknown}
 l - a potion of magic {unknown}
 m - a potion of flight {unknown}
 n - a potion of agility {unknown}
 o - a potion of haste {unknown}
Comestibles
 b - 11 chunks of flesh
 v - 6 rations


   Skills:
 - Level 1.7 Dodging
 - Level 2.4 Stealth
 - Level 3.2 Spellcasting
 * Level 3.2 Conjurations
   Level 1.0 Summonings
   Level 0.8 Translocations


You had 2 spell levels left.
You knew the following spells:

 Your Spells              Type           Power        Failure   Level  Hunger
a - Conjure Flame         Conj/Fire      #.......     24%         3    ###....
c - Magic Dart            Conj           ##..         4%          1    None
e - Mephitic Cloud        Conj/Pois/Air  #.......     30%         3    ###....

Your spell library contained the following spells:

 Spells                   Type           Power        Failure   Level  Hunger
 Call Imp                 Summ           #.......     16%         2    ##.....
 Slow                     Hex            #.......     24%         2    ##.....
 Blink                    Tloc           Unusable     N/A         2    N/A

Dungeon Overview and Level Annotations

Branches:
Dungeon (2/15)

Altars:
Hepliaklqana

Annotations:
D:1 exclusion: sensed monster (detected)
D:2 Jessica


Innate Abilities, Weirdness & Mutations

You cannot be hasted, slowed, berserked, paralysed or teleported.
You can dig through walls and to a lower floor.
Your four strong arms can wield two-handed weapons with a shield.
You have a pair of large antennae on your head. (SInv)


Message History

The bat closely misses you. The ooze barely misses you.
The hobgoblin hits you with a +0 club!
Found a ring mail.
The bat hits you but does no damage.
The ooze jiggles.
Found 10 gold pieces and 13 stones.
There is an open door here.
The bat barely misses you. The bat misses you. The bat hits you.
The bat hits you but does no damage. The bat closely misses you.
The bat hits you but does no damage. The bat hits you.
The bat barely misses you. The bat hits you but does no damage.
The frilled lizard closely misses you. The bat hits you.
You die...

.###.#..##8..8##.. #
.....#..'......'..#
###########
##...#..#..##..#..#
#..÷.......
...#.#..######## .#
#÷#########
##...#...#..([# .#
#.# .....#.w.#$$..#
.# #.#
..##.#..#####'####'##
#.#########
..##.#.{##...J.bl...#
#.#........
.....#...#...g.b@...#
#.#.######.
...#.#...'..##.b#####
#.#........
##.#.############
#.########.
#.#.........{#..
#..........
#.###.#.####.#.#
########### #.....#.#
#.#.# #######.# #.#.#
#.# #.#.# ##### #.#
#...#


You could see an ooze, a hobgoblin, 3 bats and a frilled lizard.

Vanquished Creatures
  2 dart slugs (D:2)
  A leopard gecko (D:2)
  3 bats
  3 giant cockroaches
  4 hobgoblins
  5 jackals
  A quokka (D:2)
  2 frilled lizards (D:2)
  8 goblins
  5 kobolds
  6 rats
40 creatures vanquished.

Notes
Turn   | Place    | Note
-------+----------+-------------------------------------------
     0 | D:1      | DildoBatman the Formicid Wizard began the quest for the
                  | Orb.
     0 | D:1      | Reached XP level 1. HP: 13/13 MP: 4/4
    13 | D:1      | Reached skill level 1 in Conjurations
   230 | D:1      | Reached XP level 2. HP: 19/19 MP: 3/6
   721 | D:2      | Reached XP level 3. HP: 24/24 MP: 4/7
   726 | D:2      | Learned a level 3 spell: Conjure Flame
   730 | D:2      | Learned a level 3 spell: Mephitic Cloud
   939 | D:2      | Noticed Jessica
  1550 | D:2      | Found a hazy altar of Hepliaklqana.
  1587 | D:2      | Reached XP level 4. HP: 25/30 MP: 1/8
  1617 | D:2      | HP: 1/30 [bat (1)]
  1617 | D:2      | Slain by a bat

Skill      XL: |  1  2  3 |
---------------+----------+-----
Conjurations   | 1 2 3 |  3.2
Dodging        | |  1.7
Stealth        | |  2.4
Spellcasting   | |  3.2
Summonings     | |  1.0
Translocations | |  0.8

Action                   |  1- 3 |  4- 6 || total
-------------------------+-------+-------++-------
Melee: Club              |    15 |     6 ||    21
       Unarmed           |     1 |       ||     1
 Cast: Magic Dart        |    74 |     1 ||    75
 Abil: Dig               |     2 |       ||     2
  Eat: Chunk             |     2 |       ||     2
Armor: Robe              |     7 |    10 ||    17
Dodge: Dodged            |    26 |    26 ||    52
